 Dungeon Crawl Stone Soup version 0.29.1-13-g9f3cf754e1 (webtiles) character file.

Game seed: 7879818511381170373

1738 theswoord the Cruncher (level 8, -5/50 HPs)
             Began as a Demonspawn Gladiator on Jan 25, 2023.
             Was a Follower of Hepliaklqana.
             Slain by a shadow (20 damage)
             ... on level 5 of the Dungeon on Jan 26, 2023.
             The game lasted 00:11:54 (6853 turns).

theswoord the Cruncher (Demonspawn Gladiator)       Turns: 6853, Time: 00:11:55

Health: -5/50      AC: 11    Str: 18    XL:     8   Next: 77%
Magic:  8/8        EV: 11    Int:  9    God:    Hepliaklqana [*.....]
Gold:   407        SH:  0    Dex: 20    Spells: 7/7 levels left

rFire   . . .      SeeInvis .   t - +4 quarterstaff (chaos)
rCold   . . .      Faith    .   (shield currently unavailable)
rNeg    . . .      Spirit   .   f - +0 scale mail
rPois   .          Reflect  .   c - +0 helmet
rElec   .          Harm     .   s - +2 cloak
rCorr   .          Rampage  .   (no gloves)
Will    .....                   v - +0 pair of boots
Stlth   +.........              (no amulet)
HPRegen 0.16/turn               p - +6 ring of dexterity
MPRegen 0.11/turn               (no ring)

@: no status effects
A: reduced essence, foul stench 3, sturdy frame 1
a: Renounce Religion, Recall Ancestor, Ancestor Identity


You were on level 5 of the Dungeon.
You worshipped Hepliaklqana.
Hepliaklqana was aware of your devotion.
You visited 2 branches of the dungeon, and saw 6 of its levels.

You collected 407 gold pieces.

Inventory:

Hand Weapons
 a - a +0 quarterstaff
 t - a +4 quarterstaff of chaos (weapon)
Missiles
 d - 2 throwing nets (quivered)
 e - 6 javelins
Armour
 b - a +0 leather armour
 c - a +0 helmet (worn)
 f - a +0 scale mail (worn)
 k - a +0 cloak
 s - a +2 cloak (worn)
 v - a +0 pair of boots (worn)
Jewellery
 l - a ring of wizardry
 p - a +6 ring of dexterity (left hand)
Wands
 r - a wand of light (12)
 x - a wand of roots (9)
Scrolls
 g - 2 scrolls of vulnerability
 i - 3 scrolls of teleportation
 A - a scroll of blinking
Potions
 h - a potion of invisibility {unknown}
 j - 2 potions of heal wounds
 m - a potion of attraction {unknown}
 n - a potion of magic {unknown}
 o - a potion of resistance
 q - 2 potions of curing
 u - a potion of ambrosia {unknown}
 w - a potion of might {unknown}
 z - a potion of cancellation {unknown}
 B - 2 potions of flight {unknown}


   Skills:
 - Level 2.0 Fighting
 + Level 10.7 Staves
 - Level 1.7 Throwing
 - Level 2.6 Dodging


You had 7 spell levels left.
You didn't know any spells.
Your spell library was empty.

Dungeon Overview and Level Annotations

Branches:
Dungeon (5/15)             Temple (1/1) D:4

Altars:
Ashenzari
Cheibriados
Dithmenos
Fedhas
Gozag
Hepliaklqana
Kikubaaqudgha
Makhleb
Nemelex Xobeh
Okawaru
Qazlal
Ru
Sif Muna
Trog
Vehumet
Wu Jian
Xom
Yredelemnul

Shops:
D:2 *![*


Innate Abilities, Weirdness & Mutations

Your life essence is reduced to manifest your ancestor. (-10% HP)
You frequently emit foul miasma when damaged in melee.
Your movements are slightly less encumbered by armour. (ER -2)


Message History

The electric eel shoots out a bolt of lightning at you!
The bolt of electricity hits the plant!
The bolt of electricity misses you.
There is an open door here.
A nearby plant withers and dies.
The electric eel shoots out a bolt of lightning at you!
The bolt of electricity hits the plant!
The bolt of electricity hits you.
* * * LOW HITPOINT WARNING * * *
The electric eel shoots out a bolt of lightning at you!
The bolt of electricity hits you!
* * * LOW HITPOINT WARNING * * *
You enter the shallow water.
Moving in this stuff is going to be slow.
You start resting.
A shadow comes into view.
A shadow is nearby!
The shadow slips into darkness.
The shadow flickers and vanishes!
Deactivating autopickup; reactivate with Ctrl-A.
Something hits Tochtli.
Reactivating autopickup.
The shadow hits Tochtli!
You swap places.
The shadow closely misses you.
You barely miss the shadow. The shadow barely misses you.
You barely miss the shadow. The shadow barely misses you.
You closely miss the shadow. You sock the shadow!
The shadow is heavily damaged.
The shadow hits you.
You completely miss the shadow.
The shadow is heavily damaged.
The shadow misses you.
You hit the shadow.
The shadow is severely damaged.
The shadow slips into darkness.
The shadow flickers and vanishes!
Deactivating autopickup; reactivate with Ctrl-A.
No target in view!
You hit something but do no damage.
The shadow strikes at you from the darkness!
You die...

**,,,* ### ****,*** #############
#.. ****,,,* #...........# #..
*,,+,,,* #####.###..####.## #..
*.#*,,,* #..........#.....# #..
#.*****####.###..#...#.....# #..
..######...<...........#.#.####..
.....[...##########..........)...
.####...##~~~†~R@{##...#.#...##..
.#....###.########.##......).....
...#####.##S..P..##~#..#####.....
.### #.#≈SS~P...#~#..#.........
.# #.#≈?$PR...#.#..#.####.... )#
#†#≈≈?.P..'#.#....# #.... )#
##~##≈~....#.{#.#†.####.... .###
##~##########~##.#.......### ...#
#~##≈$$~.,*#~~#..#.#####.###


You could see the friendly Tochtli the ancestor.

Vanquished Creatures
  Grinder (D:4)
  Sigmund (D:3)
  An ice beast (D:5)
  A black bear (D:5)
  An ogre (D:5)
  A phantom (D:5)
  A kobold brigand (D:5)
  Blork the orc (D:4)
  3 scorpions
  A howler monkey (D:5)
  A gnoll bouda (D:4)
  Crazy Yiuf (D:2)
  2 hounds (D:5)
  3 iguanas
  Jessica (D:2)
  Natasha (thrice) (D:2)
  Terence (D:3)
  4 orc wizards
  Robin (D:4)
  7 gnolls
  7 adders
  An ufetubus (D:4)
  4 worms
  2 dart slugs
  10 orcs
  9 endoplasms
  4 giant cockroaches
  7 hobgoblins
  4 quokkas
  6 ball pythons
  10 bats
  13 goblins
  6 kobolds
  4 rats
123 creatures vanquished.

Vanquished Creatures (collateral kills)
  A kobold (D:5)
1 creature vanquished.

Vanquished Creatures (others)
  9 plants
9 creatures vanquished.

Grand Total: 133 creatures vanquished

Notes
Turn   | Place    | Note
-------+----------+-------------------------------------------
     0 | D:1      | theswoord the Demonspawn Gladiator began the quest for the
                  | Orb.
     0 | D:1      | Reached XP level 1. HP: 16/16 MP: 1/1
   124 | D:1      | Reached skill level 3 in Staves
   323 | D:1      | Gained mutation: You may rarely emit foul miasma when
                  | damaged in melee. [demonic ancestry]
   323 | D:1      | Reached XP level 2. HP: 15/22 MP: 2/2
   737 | D:1      | Found a faded altar of an unknown god.
   956 | D:2      | Found Ohoisun's Distillery.
   980 | D:2      | Noticed Jessica
   985 | D:2      | Killed Jessica
   986 | D:2      | Reached skill level 4 in Staves
   986 | D:2      | Reached XP level 3. HP: 12/27 MP: 3/3
  1172 | D:2      | Found Weitis's Antique Armour Shoppe.
  1228 | D:2      | Found Vivirph's General Store.
  1346 | D:2      | Gained mutation: You sometimes emit foul miasma when
                  | damaged in melee. [demonic ancestry]
  1346 | D:2      | Reached XP level 4. HP: 31/33 MP: 4/4
  1470 | D:2      | Noticed Natasha
  1487 | D:2      | Killed Natasha
  1689 | D:2      | Found Xeasacam's Assorted Antiques.
  1733 | D:2      | Reached skill level 5 in Staves
  2002 | D:2      | Noticed Natasha
  2008 | D:2      | Killed Natasha
  2009 | D:2      | Gained mutation: Your movements are slightly less
                  | encumbered by armour. (ER -2) [demonic ancestry]
  2009 | D:2      | Reached XP level 5. HP: 31/38 MP: 5/5
  2110 | D:2      | Found a runed translucent door.
  2111 | D:2      | Noticed Crazy Yiuf
  2170 | D:2      | Noticed Natasha
  2179 | D:2      | Killed Natasha
  2565 | D:2      | Killed Crazy Yiuf
  2990 | D:3      | Reached skill level 6 in Staves
  3207 | D:3      | Noticed Terence
  3215 | D:3      | Killed Terence
  3216 | D:3      | Reached XP level 6. HP: 44/44 MP: 6/6
  3538 | D:3      | Noticed Sigmund
  3555 | D:3      | Killed Sigmund
  3556 | D:3      | Reached skill level 7 in Staves
  3851 | D:4      | Found a staircase to the Ecumenical Temple.
  3873 | Temple   | Entered the Ecumenical Temple
  4277 | Temple   | Became a worshipper of Hepliaklqana the Forgotten
  4357 | D:4      | Noticed Grinder
  4380 | D:4      | Killed Grinder
  4381 | D:4      | Gained mutation: You frequently emit foul miasma when
                  | damaged in melee. [demonic ancestry]
  4381 | D:4      | Reached XP level 7. HP: 13/50 MP: 7/7
  4625 | D:4      | Reached skill level 8 in Staves
  5219 | D:4      | Noticed Robin
  5229 | D:4      | Killed Robin
  5274 | D:4      | Noticed Blork the orc
  5290 | D:4      | Killed Blork the orc
  5296 | D:4      | Reached skill level 9 in Staves
  5296 | D:4      | Reached XP level 8. HP: 5/56 MP: 8/8
  5798 | D:5      | Entered Level 5 of the Dungeon
  5856 | D:5      | Found a shadowy altar of Dithmenos.
  5856 | D:5      | Reached * piety under Hepliaklqana
  6298 | D:5      | Reached skill level 10 in Staves
  6853 | D:5      | Slain by a shadow

Skill      XL: |  1  2  3  4  5  6  7  8 |
---------------+-------------------------+-----
Staves         | 3 4 5 6 7 9 10 | 10.7
Fighting       | |  2.0
Throwing       | |  1.7
Dodging        | |  2.6

Action                   |  1- 3 |  4- 6 |  7- 9 || total
-------------------------+-------+-------+-------++-------
Melee: Quarterstaff      |    65 |   166 |   135 ||   366
Throw: Throwing net      |       |     1 |       ||     1
  Use: Scroll            |       |     9 |     2 ||    11
       Potion            |       |     1 |       ||     1
 Stab: Held in net/web   |       |     1 |       ||     1
Armor: Scale mail        |    24 |    63 |    60 ||   147
       Leather armour    |     5 |       |       ||     5
Dodge: Dodged            |    36 |   100 |    57 ||   193

Levels and vault maps discovered:
D:1:      minmay_arrival_stone_box, layout_rooms,
          shapermc_ecumenical_altar_notcrosses, minmay_misc_feat_chi,
          chequers_serial_rivers_room_a
D:2:      layout_loops_ring, serial_shops, nicolae_shop_overgrown_old_shop,
          nicolae_shop_behind_doors, nicolae_shop_hallway_plus, shop,
          chequers_big_river, uniq_natasha, uniq_crazy_yiuf_cottage,
          uniq_jessica
D:3:      layout_basic, mainiacjoe_overflow_paths, uniq_sigmund, uniq_terence
D:4:      layout_basic, temple_pool_b, corexii_hall_statues_x, st_stairs_10,
          chequers_serial_rivers_micro_a, kennysheep_dice, uniq_grinder,
          uniq_robin, uniq_blork_the_orc
D:5:      cheibrodos_two_vegetables, layout_basic,
          nicolae_dithmenos_the_darkroom
Temple:   compressed_dpeg_triangle_lava_temple
